 Dungeon Crawl Stone Soup version 0.31-a0-263-ge8cad7f256 (webtiles) character file.

Game seed: 9317020064745194601

53 qw the Shooter (level 3, -2/29 HPs)
             Began as a Minotaur Hexslinger on July 13, 2023.
             Killed by divine providence
             ... invoked by an orc priest
              (15 damage)
             ... on level 3 of the Dungeon.
             The game lasted 00:00:27 (1344 turns).

qw the Shooter (Minotaur Hexslinger)                Turns: 1344, Time: 00:00:28

Health: -2/29      AC:  7    Str: 12    XL:     3   Next: 62%
Magic:  3/3        EV: 11    Int: 10    God:
Gold:   33         SH:  0    Dex: 14    Spells: 3/4 levels left

rFire   . . .        Y - +2 sling
rCold   . . .        (no shield)
rNeg    . . .        a - +0 ring mail
rPois   .            (helmet restricted)
rElec   .            i - +0 cloak
rCorr   .            d - +0 pair of gloves
SInv    .            (no boots)
Will    .....        (no amulet)
Stlth   +            (no ring)
HPRegen 0.24/turn    (no ring)
MPRegen 0.08/turn

%: no passive effects
@: no status effects
A: horns 2, retaliatory headbutt
a: no special abilities


You were on level 3 of the Dungeon.
You visited 1 branch of the dungeon, and saw 3 of its levels.

You collected 77 gold pieces.
You spent 44 gold pieces at shops.


Innate Abilities, Weirdness & Mutations

You have a pair of horns on your head.
You reflexively headbutt those who attack you in melee.


   Skills:
 - Level 2.0 Fighting
 + Level 4.0 Ranged Weapons
 - Level 1.0 Armour
 - Level 2.1 Dodging
 - Level 1.0 Spellcasting
 - Level 2.0 Hexes


You had 3 spell levels left.
You knew the following spells:

 Your Spells              Type           Power      Damage    Failure   Level
a - Slow                  Hex            16%        N/A       34%         1

Your spell library contained the following spells:

 Spells                   Type           Power      Damage    Failure   Level
 Inner Flame              Hex/Fire       2%         N/A       83%         3
 Portal Projectile        Hex/Tloc       4%         N/A       83%         3
 Cause Fear               Hex            2%         N/A       98%         4

Inventory:

Hand Weapons
 Y - a +2 sling (weapon)
Armour
 a - a +0 ring mail (worn)
 d - a +0 pair of gloves (worn)
 i - a +0 cloak (worn)
Potions
 b - a potion of might {unknown}
 e - a potion of enlightenment {unknown}
 f - a potion of ambrosia {unknown}
 g - a potion of haste {unknown}
 h - a potion of cancellation

Dungeon Overview and Level Annotations

Branches:
Dungeon (3/15)

Altars:

Shops:
D:1 ?   D:2 [


Message History

You climb downwards.
The orc wizard mumbles some strange words.
The orc wizard flickers and vanishes!
Deactivating autopickup; reactivate with Ctrl-A.
There is a stone staircase leading up here.
An orc priest is nearby!
You shoot a sling bullet. The sling bullet hits the orc priest.
The orc priest is lightly wounded.
You shoot a sling bullet.
The sling bullet hits the orc priest but does no damage.
The orc priest is lightly wounded.
The orc priest hits you with a +0 flail.
1337 ||| STAIRDANCE You hear some strange, mumbled words.
You are confused.
The orc priest looks satisfied for a moment.
In your confused state, you trip and fall back down the stairs.
The orc priest miscasts a cantrip.
The orc priest hits you with a +0 flail.
You hear some strange, mumbled words.
A magic dart appears from out of thin air!
The magic dart hits you. The orc priest closely misses you. x2
Something hits you but does no damage.
The orc priest looks braver for a moment.
The orc priest invokes the aid of Beogh against you.
Beogh smites you! Something hits you but does no damage.
The orc priest hits you with a +0 flail.
The orc priest hits you but does no damage.
The orc priest closely misses you. The orc priest misses you.
Something hits you but does no damage.
You hear some strange, mumbled words.
Something tries to affect you, but you resist.
The orc priest barely misses you. x2
You feel less confused. Something hits you but does no damage.
The orc priest mumbles some strange prayers to Beogh against you.
Beogh smites you!
Ouch! That really hurt!
You die...

.##############
..!$..........#
#.@{.....#
......oo...?...
.....#........#
.).. .........#
... ..........#
.. .....######.
. ...#..#
....##..


You could see 2 orc priests.

Vanquished Creatures
  An adder (D:2)
  A dart slug (D:2)
  3 orcs
  2 endoplasms (D:2)
  A giant cockroach (D:2)
  4 goblins (D:2)
  4 hobgoblins
  6 jackals
  2 kobolds (D:2)
  3 ball pythons
  4 bats
  A frilled lizard (D:1)
  3 rats
35 creatures vanquished.

Notes
Turn   | Place    | Note
-------+----------+-------------------------------------------
     0 | D:1      | qw the Minotaur Hexslinger began the quest for the Orb.
     0 | D:1      | Reached XP level 1. HP: 16/16 MP: 1/1
     0 | D:1      | 0 ||| qw: Version: 0.3-a-52-g30416fa
     0 | D:1      | 0 ||| qw: Game counter: 7085
     0 | D:1      | 0 ||| qw: Melee chars always use a shield: true
     0 | D:1      | 0 ||| qw: God list: Okawaru
     0 | D:1      | 0 ||| qw: Allow faded altars: false
     0 | D:1      | 0 ||| qw: Do Orc after clearing Dungeon:15 true
     0 | D:1      | 0 ||| qw: Do second Lair branch before Depths: true
     0 | D:1      | 0 ||| qw: Lair rune preference: random
     0 | D:1      | 0 ||| qw: Goals: Normal
     0 | D:1      | 0 ||| PLANNING D:1-11
   287 | D:1      | Reached skill level 3 in Ranged Weapons
   287 | D:1      | Reached XP level 2. HP: 19/23 MP: 2/2
   458 | D:1      | Found a faded altar of an unknown god.
   589 | D:1      | Found Riliv's Magic Scroll Shoppe.
   592 | D:1      | 592 ||| SHOPLISTING scroll of acquirement (624 gold, have
                  | 19).
   592 | D:1      | 592 ||| SHOPLISTING scroll of identify (24 gold, have 19).
   592 | D:1      | 592 ||| SHOPLISTING scroll of teleportation (36 gold, have
                  | 19).
   877 | D:1      | 877 ||| UPGRADING to +0 pair of gloves.
   882 | D:1      | 882 ||| UPGRADING to +0 cloak.
   887 | D:1      | 887 ||| READING scroll labelled SUOLAK QUVVIY.
   888 | D:1      | 888 ||| DRINKING 2 black potions.
   889 | D:1      | 889 ||| DROPPING scroll of poison.
   930 | D:2      | Found Dihem's Armour Boutique.
   949 | D:2      | 949 ||| BUYING +0 ring mail (44 gold).
   949 | D:2      | Bought a +0 ring mail for 44 gold pieces
   949 | D:2      | 949 ||| SHOPLISTING +1 pair of gloves (126 gold, have 1).
   949 | D:2      | 949 ||| SHOPLISTING +2 leather armour of cold resistance
                  | (209 gold, have 1).
   949 | D:2      | 949 ||| SHOPLISTING +2 ring mail of poison resistance (198
                  | gold, have 1).
  1093 | D:2      | Reached XP level 3. HP: 29/29 MP: 3/3
  1238 | D:2      | 1238 ||| UPGRADING to +0 ring mail.
  1248 | D:2      | 1248 ||| DROPPING +0 robe.
  1249 | D:2      | 1249 ||| READING scroll labelled DAN EXEITU.
  1250 | D:2      | 1250 ||| READING scroll labelled GUMOTHR ALOI.
  1284 | D:3      | 1284 ||| STAIRDANCE
  1303 | D:3      | 1303 ||| STAIRDANCE
  1306 | D:2      | Reached skill level 1 in Armour
  1314 | D:2      | Reached skill level 4 in Ranged Weapons
  1337 | D:3      | 1337 ||| STAIRDANCE
  1344 | D:3      | Killed from afar by an orc priest

Levels and vault maps discovered:
D:1:      co_arrival_square_in_a_square_in_a_square, layout_loops_corners,
          basic_ecumenical_altar, serial_shops, nicolae_shop_rolled_up,
          st_stairs_6
D:2:      layout_rooms, serial_shops, shop
D:3:      layout_rooms

Skill      XL: |  1  2  3 |
---------------+----------+-----
Ranged Weapons | 3 4 |  4.0
Fighting       | 2 |  2.0
Armour         | 1 |  1.0
Dodging        | |  2.1
Spellcasting   | |  1.0
Hexes          | |  2.0

Action                     || total
---------------------------++-------
   Fire: Sling             ||    86
    Use: Scroll            ||     3
         Potion            ||     1
 Armour: Robe              ||    11
         Ring mail         ||    20
  Dodge: Dodged            ||    48

Table legend:
 A = Non-vault XP
 B = Vault XP
 C = Vault XP percentage of total XP
 D = Non-vault monster count
 E = Vault monster count
 F = Vault count percentage of total count
                 A         B        C        D         E       F
            +---------+---------+-------+---------+---------+-------
      Total |      75 |       1 |   1.3 |      34 |       1 |   2.9
            +---------+---------+-------+---------+---------+-------
        D:1 |      16 |       1 |   5.9 |      10 |       1 |   9.1
        D:2 |      54 |       0 |   0.0 |      22 |       0 |   0.0
        D:3 |       5 |       0 |   0.0 |       2 |       0 |   0.0
            +---------+---------+-------+---------+---------+-------
